cohdb
Replays
Latest Replays
All Replays
Popular Replays
Top Player Replays
Match Explorer
How It Works
Community
CoH3 Stats
Reddit
Sign in to upload your games and track your stats! →
Sign in with Steam
Match 46567801
Unlisted
Match 46567801
Overview
Messages
Build Orders
End
Construct Infanterie Kompanie
Pioneer Squad
Selects Breakthrough Battlegroup
Selects Assault Grenadiers
Grenadier Squad
MG 42 Machine Gun Team
Grenadier Squad
Construct Panzergrenadier Kompanie
Medical Station
Panzergrenadier Squad
Support Elements
Pak 40 Anti-tank Gun Team
StuG III G Assault Gun
Nebelwerfer 42 Rocket Launcher Team
Construct Panzer Kompanie
Selects Rapid Production
Selects Blitzkrieg
Sturmpanzer IV Brummbär
Stoßtruppen Squad
Engine1000
Meder
Esxile
CatUnderHelmet
0
0
Comments
sign in to comment!
No comments posted yet!